 Dungeon Crawl Stone Soup version 0.18.1-50-g88ac8fd (webtiles) character file.

61 theY the Firebug (level 4, 0/36 HPs)
             Began as a Gargoyle Fire Elementalist on Sept 7, 2017.
             Was an Initiate of Vehumet.
             Slain by Grinder (3 damage)
             ... on level 3 of the Dungeon.
             The game lasted 00:04:32 (1711 turns).

theY the Firebug (Gargoyle Fire Elementalist)       Turns: 1711, Time: 00:04:33

Health: 0/36       AC: 22    Str: 12    XL:     4   Next: 7%
Magic:  0/7        EV:  2    Int: 19    God:    Vehumet [......]
Gold:   153        SH:  0    Dex: 15    Spells: 2 memorised, 4 levels left

rFire  . . .     SeeInvis .     e - +0 short sword
rCold  . . .     Gourm    .     (armour currently unavailable)
rNeg   + + +     Faith    .     (no shield)
rPois  ∞         Spirit   .     (helmet currently unavailable)
rElec  .         Dismiss  .     (cloak currently unavailable)
rCorr  .         Reflect  .     (gloves currently unavailable)
SustAt .         Harm     .     (boots currently unavailable)
MR     .....     NoTele   +     (no amulet)
Stlth  ++++......               (no ring)
                                d - +3 ring of intelligence

@: agile, tree-form, not resistant to hostile enchantments, stealthy
A: negative energy resistance 1, (electricity resistance), (unbreathing),
petrification resistance, rot immunity, AC +3
a: Renounce Religion


You were on level 3 of the Dungeon.
You worshipped Vehumet.
Vehumet was noncommittal.
You were not hungry.
You were a tree.
You visited 1 branch of the dungeon, and saw 3 of its levels.

You collected 153 gold pieces.

Inventory:

Hand Weapons
 e - a +0 short sword (weapon)
 f - a +0 dagger
Armour
 a - a +0 robe (melded)
Jewellery
 d - a +3 ring of intelligence (left branch)
 l - a cursed +6 ring of protection {unknown}
Scrolls
 i - a scroll of enchant armour {unknown}
 k - 2 scrolls of teleportation {unknown}
 n - a scroll of enchant weapon {unknown}
 q - a scroll of remove curse {unknown}
Potions
 m - a potion of agility
 o - a potion of flight {unknown}
 p - a potion of degeneration {unknown}
 r - a potion of lignification
 s - a potion of heal wounds {unknown}
Books
 b - a book of Flames

   Spells                             Type                      Level
   a - Flame Tongue                   Conjuration/Fire             1
   b - Throw Flame                    Conjuration/Fire             2
   c - Conjure Flame                  Conjuration/Fire             3
   d - Inner Flame                    Hexes/Fire                   3
   e - Sticky Flame                   Conjuration/Fire             4
   f - Fireball                       Conjuration/Fire             5
Comestibles
 c - 6 bread rations
 g - 4 fruits
 h - a beef jerky
 j - 5 chunks of flesh


   Skills:
 + Level 2.0 Dodging
 + Level 2.3 Stealth
 + Level 2.5 Spellcasting
 + Level 2.0 Conjurations
 + Level 3.7 Fire Magic


You had 4 spell levels left.
You knew the following spells:

 Your Spells              Type           Power        Failure   Level  Hunger
a - Flame Tongue          Conj/Fire      ##...        6%          1    #......
b - Conjure Flame         Conj/Fire      ##......     14%         3    ###....


Dungeon Overview and Level Annotations

Branches:
Dungeon (3/15)

Altars:
Gozag
Trog
Vehumet

Annotations:
D:3 Grinder


Innate Abilities, Weirdness & Mutations

You are resistant to torment.
((Your stone body is resilient (AC +3).))
You are immune to poison.
You resist negative energy.
((You are resistant to electric shocks.))
((You can survive without breathing.))
You are immune to petrification.
You are immune to rotting.


Message History

Confirm with . or Enter, or press ? or * to list all spells.
You don't have enough magic to cast that spell.
Casting: Flame Tongue
Confirm with . or Enter, or press ? or * to list all spells.
You don't have enough magic to cast that spell.
Casting: Flame Tongue
Confirm with . or Enter, or press ? or * to list all spells.
You don't have enough magic to cast that spell.
Casting: Flame Tongue
Confirm with . or Enter, or press ? or * to list all spells.
You don't have enough magic to cast that spell.
Drink which item? (? for menu, Esc to quit)
It was a potion of agility.
You feel agile all of a sudden. Grinder barely misses you.
Drink which item? (? for menu, Esc to quit)
It was a potion of lignification.
You turn into a tree.
Your +0 robe melds into your body.
Your roots penetrate the ground.
Grinder hits you.
You die...

#......#
#......
#......#
#######.#####
#.#.....##
#............
#........#
#.#####.#####
#######.#######
#.# #....
#...)...# #.#
#..###
#######.# #.#
#... #.######.#
...# #.5♣.....#
..###
########## ..


You could see Grinder.

Vanquished Creatures
  An ooze (D:1)
  A worm (D:2)
  4 dart slugs (D:1)
  2 giant cockroaches
  6 goblins
  7 hobgoblins
  2 jackals (D:2)
  4 bats
  4 giant newts
  7 kobolds
  5 rats
43 creatures vanquished.

Notes
Turn   | Place    | Note
--------------------------------------------------------------
     0 | D:1      | theY the Gargoyle Fire Elementalist began the quest for the Orb.
     0 | D:1      | Reached XP level 1. HP: 10/10 MP: 3/3
    62 | D:1      | Reached XP level 2. HP: 8/15 MP: 0/5
   545 | D:1      | Reached XP level 3. HP: 19/19 MP: 2/6
   597 | D:1      | Learned a level 3 spell: Conjure Flame
  1388 | D:2      | Found an opulent altar of Gozag.
  1402 | D:2      | Found a bloodstained altar of Trog.
  1416 | D:2      | Found a radiant altar of Vehumet.
  1469 | D:2      | Became a worshipper of Vehumet
  1608 | D:2      | Reached XP level 4. HP: 24/24 MP: 3/7
  1668 | D:3      | Noticed Grinder
  1700 | D:3      | Paralysed by Grinder for 4 turns
  1711 | D:3      | Slain by Grinder

Skill      XL: |  1  2  3  4 |
---------------+-------------+-----
Dodging        | 2 |  2.0
Conjurations   | 2 |  2.0
Stealth        | |  2.3
Spellcasting   | |  2.5
Fire Magic     | |  3.7

Action                   |  1- 3 |  4- 6 || total
-------------------------+-------+-------++-------
Melee: Short sword       |    55 |       ||    55
 Cast: Flame Tongue      |    53 |    12 ||    65
  Use: Potion            |       |     2 ||     2
  Eat: Chunk             |     3 |       ||     3
Armor: Robe              |    20 |     1 ||    21
Dodge: Dodged            |    55 |     3 ||    58
